Map: [ESL] Inside and Out

Players

JonSnow - Winner!

  • Race: Zerg Zerg
  • Spawn Location: 7:00

Mixu

  • Race: Zerg Zerg
  • Spawn Location: 1:00

Event: DreamHack SC2 Masters 2022 Atlanta (Offline)

VOD

Have the link to the VOD?

Description

Time

  • Played on: Nov. 18, 2022, 11:08 a.m.
  • Length: 5:31

All games in this series

Show
View Real Time Build Order
Export as new Build Order

JonSnow Zerg - Winner!

Build Orders: Hatch First 

Get SALT Encoding   

  12  0:01  Drone  
  13  0:12  Overlord  
  13  0:16  Drone  
  14  0:31  Drone x2  
  16  0:47  Hatchery  
  15  0:52  Drone  
  15  0:54  Drone  
  17  0:59  Extractor  
  16  1:10  Spawning Pool  
  15  1:13  Drone  
  15  1:17  Drone  
  17  1:23  Drone  
  18  1:28  Drone  
  19  1:39  Drone  
  20  1:49  Overlord  
  20  1:56  Queen  
  20  1:59  Metabolic Boost  
  22  2:02  Queen  
  22  2:05  Zergling x2  
  22  2:08  Zergling x2  
  26  2:12  Drone  
  26  2:14  Drone  
  28  2:27  Drone x2  
  30  2:36  Hatchery  
  29  2:42  Drone  
  29  2:43  Zergling x2  
  31  2:44  Zergling x2  
  32  2:53  Zergling x4  
  34  3:00  Zergling x2  
  34  3:01  Roach Warren  
  34  3:07  Zergling x4  
  36  3:14  Overlord  
  36  3:20  Overlord  
  36  3:31  Zergling x4  
  35  3:36  Drone x4  
  37  3:53  Overlord  
  37  3:57  Roach x6  
  48  4:06  Roach x2  
  48  4:07  Roach  
  53  4:10  Roach  
  57  4:17  Roach  
  57  4:18  Roach  
  57  4:21  Roach  
  61  4:30  Overlord  
  60  4:32  Zergling x8  
  64  4:38  Zergling x2  
  64  4:39  Zergling x2  
  64  4:45  Overlord  
  65  4:54  Zergling x2  
  65  4:55  Zergling x8  
  69  5:05  Zergling x10  
  72  5:12  Zergling x6  
Show
View Real Time Build Order
Export as new Build Order

Mixu Zerg 

Build Orders: Hatch First, Zergling Baneling 

Get SALT Encoding   

  12  0:00  Drone  
  13  0:12  Overlord  
  13  0:16  Drone  
  14  0:31  Drone x2  
  16  0:49  Hatchery  
  15  0:52  Drone  
  15  0:55  Drone  
  17  0:58  Drone  
  18  1:09  Extractor  
  17  1:14  Spawning Pool  
  17  1:17  Drone  
  17  1:20  Drone  
  18  1:28  Drone  
  19  1:39  Drone  
  20  1:52  Drone  
  21  2:01  Queen, Overlord  
  21  2:02  Zergling x2, Queen  
  26  2:09  Metabolic Boost  
  26  2:11  Drone x2  
  28  2:22  Drone x2  
  30  2:34  Hatchery  
  30  2:35  Zergling x2  
  30  2:39  Zergling x2  
  31  2:45  Drone  
  31  2:47  Baneling Nest  
  31  2:50  Overlord  
  31  2:55  Drone  
  31  2:56  Drone  
  32  3:04  Zergling x2  
  33  3:06  Overlord  
  33  3:11  Zergling x6  
  36  3:14  Drone  
  36  3:15  Drone  
  36  3:16  Zergling x2  
  39  3:23  Zergling x4  
  39  3:27  Zergling x2  
  39  3:34  Zergling x2  
  39  3:36  Baneling  
  39  3:37  Queen  
  39  3:40  Zergling x2  
  42  3:43  Zergling x2  
  42  3:47  Zergling x6  
  45  3:53  Drone x2  
  45  3:56  Baneling  
  45  3:57  Drone  
  45  4:00  Drone  
  45  4:02  Drone  
  48  4:03  Baneling  
  48  4:05  Drone  
  48  4:06  Drone x2  
  50  4:12  Queen  
  50  4:17  Drone  
  53  4:19  Drone x2  
  53  4:21  Overlord  
  55  4:25  Evolution Chamber  
  55  4:31  Drone  
  55  4:32  Drone  
  55  4:33  Drone  
  55  4:36  Spine Crawler  
  55  4:37  Spine Crawler  
  54  4:39  Zergling x2  
  54  4:40  Spine Crawler  
  54  4:41  Zergling x2  
  54  4:43  Zergling x4  
  57  4:47  Zergling x4  
  57  4:51  Baneling x4  
  57  4:52  Zergling x2  
  60  4:56  Zergling x6  
  60  4:59  Baneling x4  
  63  5:03  Zergling x4  
  63  5:05  Zergling x4  
  62  5:10  Zergling x6  
  62  5:13  Zergling x6  
Tags
 
Add a new tag
Caveats
  • Supply blocks, unpowered buildings, or Contaminate may cause inaccurate times.
  • Supply counts are checked every 10 seconds.